Map: King Sejong Station LE

Players

MarineLorD - Winner!

  • Race: Terran Terran
  • League: Master

LiquidSnute (Snute)

  • Race: Zerg Zerg

Event: DreamHack ZOWIE Open Valencia 2016

VOD

Have the link to the VOD?

Description

Time

  • Played on: July 16, 2016, 11:21 a.m.
  • Length: 6:39

All games in this series

Show
View Real Time Build Order
Export as new Build Order

MarineLorD Terran - Winner!

Build Orders: Reaper Expand, MMM Bio 

Get SALT Encoding   

  12  0:00  SCV  
  13  0:13  SCV  
  14  0:17  Supply Depot  
  14  0:25  SCV  
  15  0:38  SCV  
  15  0:39  Barracks  
  16  0:44  Refinery  
  16  0:50  SCV  
  17  1:03  SCV  
  18  1:15  SCV  
  19  1:26  Reaper  
  19  1:27  Orbital Command  
  20  1:39  Command Center  
  20  1:49  Barracks  
  20  1:53  SCV  
  21  1:59  Barracks Reactor  
  21  2:05  SCV  
  21  2:08  Supply Depot  
  22  2:17  SCV  
  22  2:18  Refinery  
  23  2:29  SCV  
  24  2:34  Factory, Marine x2  
  26  2:42  SCV  
  27  2:45  Barracks Tech Lab  
  27  2:52  Marine x2  
  27  2:54  SCV, Orbital Command  
  30  3:05  Marine  
  30  3:06  SCV  
  30  3:07  Stimpack  
  30  3:10  Marine  
  30  3:11  Marine  
  34  3:18  SCV  
  36  3:20  SCV  
  36  3:26  Starport, Factory Reactor  
  36  3:27  Marine  
  36  3:28  Marine  
  36  3:32  SCV  
  36  3:33  SCV  
  39  3:39  Supply Depot, Marine  
  40  3:44  SCV  
  40  3:46  SCV  
  42  3:50  Marine  
  43  3:56  SCV  
  43  3:58  SCV  
  43  4:00  Marine x2  
  47  4:04  Supply Depot  
  47  4:06  Supply Depot  
  47  4:09  SCV  
  48  4:10  SCV  
  48  4:12  Medivac x2  
  48  4:13  Factory Reactor  
  53  4:18  Barracks  
  53  4:21  SCV  
  54  4:25  Marine x2, SCV  
  54  4:26  Marine  
  58  4:31  Supply Depot  
  58  4:35  SCV  
  58  4:38  SCV, Refinery  
  60  4:41  Engineering Bay  
  60  4:43  Marine  
  60  4:45  Supply Depot  
  61  4:47  Marine x2  
  67  4:55  Hellion x2  
  67  4:56  Medivac  
  67  4:58  Medivac  
  71  5:00  SCV  
  71  5:03  SCV  
  71  5:05  Marine x2  
  75  5:10  Combat Shields, Barracks Reactor  
  75  5:11  Marine  
  73  5:23  Marine x2  
  73  5:28  SCV  
  74  5:29  Marine  
  74  5:30  SCV  
  76  5:35  Widow Mine  
  76  5:36  Widow Mine  
  76  5:41  Supply Depot, Marine x2  
  82  5:46  Supply Depot  
  82  5:49  Marine x2  
  84  5:54  Marauder  
  86  6:01  Supply Depot  
  86  6:02  Marine x2  
  86  6:03  Medivac  
  90  6:07  Marine x2  
  92  6:15  Marine  
  93  6:20  Marine x2  
Show
View Real Time Build Order
Export as new Build Order

LiquidSnute Zerg 

Build Orders: Hatch First 

Get SALT Encoding   

  12  0:00  Drone  
  13  0:12  Overlord  
  13  0:17  Drone  
  14  0:30  Drone x2  
  14  0:34  Drone  
  17  0:52  Hatchery  
  17  0:54  Drone  
  18  0:57  Drone  
  18  1:00  Extractor  
  17  1:12  Spawning Pool  
  17  1:15  Drone  
  18  1:18  Drone  
  18  1:27  Drone  
  19  1:38  Overlord  
  19  1:59  Zergling x2, Queen  
  19  2:00  Zergling x2, Metabolic Boost  
  23  2:03  Queen  
  25  2:10  Drone  
  25  2:12  Overlord  
  26  2:22  Drone  
  27  2:28  Drone  
  27  2:29  Drone  
  29  2:32  Drone  
  29  2:35  Queen  
  32  2:46  Drone, Spore Crawler  
  32  2:48  Drone  
  34  2:53  Pneumatized Carapace, Drone  
  34  2:55  Drone  
  36  2:58  Drone  
  37  3:06  Drone x3  
  37  3:10  Overlord  
  37  3:12  Zergling x2  
  41  3:19  Drone x3  
  44  3:29  Drone x3  
  47  3:39  Drone  
  47  3:40  Overlord  
  48  3:44  Queen  
  50  3:50  Hatchery  
  50  3:51  Queen  
  50  3:55  Overlord x2  
  51  3:59  Overlord  
  51  4:00  Zergling x2  
  52  4:05  Overlord  
  52  4:14  Zergling x2  
  52  4:15  Zergling x4  
  55  4:19  Zergling x2  
  55  4:20  Zergling x6, Queen  
  61  4:26  Queen  
  61  4:27  Zergling x4  
  65  4:32  Drone x2  
  65  4:35  Drone  
  65  4:37  Drone  
  69  4:43  Spore Crawler  
  69  4:45  Drone  
  69  4:48  Drone x4  
  73  5:00  Zergling x10  
  73  5:05  Drone  
  79  5:10  Evolution Chamber x2, Drone  
  78  5:14  Drone x2  
  78  5:18  Queen  
  78  5:19  Queen  
  82  5:24  Drone x3  
  83  5:30  Drone  
  83  5:31  Drone x5  
  86  5:37  Drone x4  
  89  5:44  Drone, Extractor  
  89  5:45  Extractor x2  
  89  5:46  Extractor  
  89  5:47  Overlord  
  89  5:48  Zergling x4, Extractor  
  87  5:51  Zergling x2, Roach Warren  
  87  5:55  Zergling x4  
  89  5:59  Overlord  
  89  6:03  Overlord x3  

Tags
 
Add a new tag
Caveats
  • Supply blocks, unpowered buildings, or Contaminate may cause inaccurate times.
  • Supply counts are checked every 10 seconds.